 Dungeon Crawl Stone Soup version 0.17-a0-957-ga3519be (webtiles) character file.

159 laxity the Magician (level 5, -3/28 HPs)
             Began as a Deep Elf Fire Elementalist on May 8, 2015.
             Killed by nerve-wracking pain
             ... invoked by an orc priest
              (14 damage)
             ... on level 3 of the Dungeon.
             The game lasted 00:05:05 (1583 turns).

laxity the Magician (Deep Elf Fire Elementalist)    Turns: 1583, Time: 00:05:06

Health: -3/28      AC:  4    Str: 10    XL:     5   Next: 17%
Magic:  1/14       EV: 13    Int: 21    God:
Gold:   108        SH:  0    Dex: 15    Spells: 4 memorised, 3 levels left

rFire  . . .     SeeInvis .     (no weapon)
rCold  . . .     Clarity  .     a - +0 robe
rNeg   . . .     SustAb   .     (no shield)
rPois  .         Gourm    .     t - +0 helmet (curse)
rElec  .         Spirit   .     (no cloak)
rCorr  +         Warding  .     k - +0 pair of gloves
rMut   .         Stasis   .     (no boots)
MR     .....                    d - amulet of resist corrosion
Stlth  ++........               (no ring)
                                u - +5 ring of strength

@: not resistant to hostile enchantments, unstealthy
A: no striking features
a: no special abilities


You were on level 3 of the Dungeon.
You were not hungry.

You visited 1 branch of the dungeon, and saw 3 of its levels.

You collected 108 gold pieces.

Inventory:

Armour
 a - a +0 robe (worn)
 k - a +0 pair of gloves (worn)
 t - a cursed +0 helmet (worn)
Jewellery
 d - an amulet of resist corrosion (around neck)
 u - a +5 ring of strength (left hand)
 v - an uncursed amulet of rage
Scrolls
 e - a scroll of fear {unknown}
 g - a scroll of blinking {unknown}
 h - a scroll of magic mapping {unknown}
 i - a scroll of teleportation {unknown}
 j - 2 scrolls of identify {unknown}
 r - a scroll of random uselessness {unknown}
Potions
 f - a potion of lignification {unknown}
 l - 3 potions of flight {unknown}
 m - a potion of cure mutation {unknown}
 o - 2 potions of agility {unknown}
 q - 2 potions of curing {unknown}
Books
 b - a book of Flames

   Spells                             Type                      Level
   a - Flame Tongue                   Conjuration/Fire             1
   b - Throw Flame                    Conjuration/Fire             2
   c - Conjure Flame                  Conjuration/Fire             3
   d - Inner Flame                    Hexes/Fire                   3
   e - Sticky Flame                   Conjuration/Fire             4
   f - Fireball                       Conjuration/Fire             5
Comestibles
 c - a bread ration
 n - a meat ration
 p - a slice of pizza
 s - 2 chunks of flesh


   Skills:
 - Level 2.4 Dodging
 - Level 2.4 Stealth
 + Level 4.8 Spellcasting
 + Level 3.2 Conjurations
 + Level 4.6 Fire Magic


You had 3 spell levels left.
You knew the following spells:

 Your Spells              Type           Power        Failure   Level  Hunger
a - Flame Tongue          Conj/Fire      ###..        1%          1    None
b - Throw Flame           Conj/Fire      ###...       3%          2    None
c - Conjure Flame         Conj/Fire      ###.....     10%         3    ##.....
d - Sticky Flame          Conj/Fire      ###.....     24%         4    ####...


Dungeon Overview and Level Annotations

Branches:
Dungeon (3/15)

Altars:
Makhleb
Nemelex Xobeh


Message History

You hit the orc but do no damage.
The orc is almost dead.
The orc hits you with a dagger.
* * * LOW HITPOINT WARNING * * *
You see here a whip.
Casting: Flame Tongue
Confirm with . or Enter, or press ? or * to list all spells.
Aiming: Flame Tongue
Press: ? - help, Shift-Dir - straight line, f/p - orc
Aim: an orc, wielding a dagger and wearing a ring mail (almost dead)
The flame tongue hits the orc.
You kill the orc!
Your magical contamination has completely faded away.
Things that are here:
a dagger; a ring mail; an orc corpse You see here a whip.
The orc priest mumbles some strange prayers to Beogh against you.
Pain shoots through your body!
Ouch! That really hurt!
You die...

..#.. ..# # .$.# #.##..#
#..# #l##..# #)o# #.##..#
#..# #.##..##
#..####......#
#..).....#...#
#†.#####.#>..####.#
###...o)...@...<....#
.#####..............######
..........######...##
...................#
######.#########..## #.#
#..# #.# #######..#
######.###(.......#
........>..#####.##


You could see an orc priest and a giant gecko (wandering).

Vanquished Creatures
  An orc priest (D:3)
  A hound (D:2)
  6 adders (D:2)
  A giant gecko (D:2)
  2 orcs (D:3)
  2 ball pythons (D:1)
  7 bats
  3 hobgoblins
  4 jackals (D:1)
  2 giant cockroaches (D:1)
  4 giant newts
  2 goblins
  5 kobolds
  2 quokkas (D:2)
  5 rats
47 creatures vanquished.

Notes
Turn   | Place    | Note
--------------------------------------------------------------
     0 | D:1      | laxity, the Deep Elf Fire Elementalist, began the quest for the Orb.
     0 | D:1      | Reached XP level 1. HP: 10/10 MP: 6/6
   327 | D:1      | Reached XP level 2. HP: 15/15 MP: 4/8
   396 | D:1      | Learned a level 2 spell: Throw Flame
   834 | D:1      | Reached XP level 3. HP: 15/19 MP: 0/10
   914 | D:1      | Learned a level 3 spell: Conjure Flame
   932 | D:2      | Reached skill level 4 in Fire Magic
  1067 | D:2      | Found a sparkling altar of Nemelex Xobeh.
  1123 | D:2      | Reached XP level 4. HP: 17/24 MP: 7/12
  1134 | D:2      | Learned a level 4 spell: Sticky Flame
  1445 | D:2      | Found a burning altar of Makhleb.
  1544 | D:3      | Reached XP level 5. HP: 15/28 MP: 5/14
  1583 | D:3      | Killed from afar by an orc priest

Action                   |  1- 3 |  4- 6 || total
-------------------------+-------+-------++-------
Melee: Unarmed           |     1 |     2 ||     3
 Cast: Flame Tongue      |    58 |    30 ||    88
       Throw Flame       |     4 |     6 ||    10
  Eat: Chunk             |     1 |     1 ||     2
